 Dungeon Crawl Stone Soup version 0.31-a0-472-g43a2ca8e1b (webtiles) character file.

Game seed: 6674049019557359507

4 Ethylacetat the Changeling (level 1, 0/13 HPs)
             Began as an Octopode Shapeshifter on Aug 6, 2023.
             Slain by an endoplasm (2 damage)
             ... on level 1 of the Dungeon.
             The game lasted 00:00:06 (116 turns).

Ethylacetat the Changeling (Octopode Shapeshifter)   Turns: 116, Time: 00:00:08

Health: 0/13       AC:  1    Str: 14    XL:     1   Next: 70%
Magic:  1/1        EV: 13    Int: 10    God:
Gold:   0          SH:  0    Dex: 12    Spells: 0/0 levels left

rFire   . .          .
                       - Unarmed
rCold   . . .        (no shield)
rNeg    . . .        (helmet currently unavailable)
rPois   .            (no amulet)
rElec   .            (no ring)
rCorr   .            (no ring)
SInv    .            (no ring)
Will    .....        (no ring)
Stlth   ++           (no ring)
HPRegen 0.22/turn    (no ring)
MPRegen 0.07/turn    (no ring)
                     (no ring)

%: no passive effects
@: beast-form
A: beast (slay +2), almost no armour, amphibious, 8 rings, camouflage 1,
gelatinous body 1, (nimble swimmer 1), tentacles
a: Begin Untransformation


You were on level 1 of the Dungeon.
You were a hulking beast.
You visited 1 branch of the dungeon, and saw 1 of its levels.

Inventory:

Talismans
 b - a beast talisman (active)
Scrolls
 c - a scroll of enchant armour {unknown}
Potions
 a - a potion of lignification


   Skills:
 + Level 1.1 Fighting
 - Level 2.0 Dodging
 + Level 3.0 Unarmed Combat
 * Level 3.1 Shapeshifting


You couldn't memorise any spells.
You didn't know any spells.
Your spell library was empty.

Dungeon Overview and Level Annotations

Branches:
Dungeon (1/15)

Altars:


Innate Abilities, Weirdness & Mutations

You are a hulking beast.
Your limbs bulge with bestial killing power. (Slay +2)
You cannot wear most types of armour.
You are amphibious.
You can wear up to eight rings at the same time.
Your skin changes colour to match your surroundings (Stealth+).
Your rubbery body absorbs attacks. (AC +1, EV +1)
((You are camouflaged when in or above water. (Stealth+)))
You have tentacles for arms and can constrict up to eight enemies at once.


Message History

The ball python constricts you.
There are monsters nearby!
The endoplasm quivers. x2
You tentacle-slap the ball python. Your grab misses the ball python.
You squeeze the ball python.
You kill the ball python!
The kobold throws a stone.
The stone closely misses you.
An endoplasm comes into view.
The kobold misses you.
A ball python comes into view.
There are monsters nearby!
The endoplasm quivers.
The ball python hisses angrily.
You tentacle-slap the bat. You grab the bat. You squeeze the bat.
You kill the bat!
The kobold completely misses you. The ball python closely misses you. x2
There are monsters nearby!
You tentacle-slap the ball python. Your grab misses the ball python.
The ball python is moderately wounded.
The kobold hits you but does no damage. The ball python misses you.
The ball python closely misses you.
There are monsters nearby!
You tentacle-slap the ball python.
You kill the ball python!
The kobold hits you with a +0 dagger. The endoplasm hits you.
There are monsters nearby!
You bludgeon the endoplasm!
You kill the endoplasm!
The kobold hits you with a +0 dagger.
You tentacle-slap the endoplasm but do no damage.
The bat hits you but does no damage. The endoplasm freezes you.
You are frozen.
The endoplasm misses you. The kobold misses you.
You tentacle-slap the bat. Your grab misses the bat.
The bat is severely wounded.
The bat hits you but does no damage. x2; The kobold hits you with a +0 dagger.
The endoplasm hits you.
* * * LOW HITPOINT WARNING * * *
The endoplasm hits you.
You die...

##. .. ### ####.#####
#.. ........# #.#
#.......# #.# #.......#
######.####..S....#.
#...##....b.hJ......
#.#....####.JK......
#...##.# #.[.....##
##.###.# #.....>:# #.#
#.# #.......#
#####.###.####.......#
#.....................#
#.######.#####.>.......
#.# .#


You could see 2 endoplasms, a bat, a ball python and a kobold.

Vanquished Creatures
  2 ball pythons (D:1)
  An endoplasm (D:1)
  A bat (D:1)
  A rat (D:1)
5 creatures vanquished.

Notes
Turn   | Place    | Note
-------+----------+-------------------------------------------
     0 | D:1      | Ethylacetat the Octopode Shapeshifter began the quest for
                  | the Orb.
     0 | D:1      | Reached XP level 1. HP: 13/13 MP: 1/1
   116 | D:1      | Slain by an endoplasm

Illustrated notes

Levels and vault maps discovered:
D:1:      dpeg_arrival_signposts, layout_loops_ring,
          ebering_ecumenical_altar_abandoned

Action                     || total
---------------------------++-------
  Melee: Unarmed           ||     9
         Constrict         ||     2
         Tentacles         ||     2
 Armour: Skin              ||     4
  Dodge: Dodged            ||    13

Table legend: (Time is in decaauts)
 A = Elapsed time spent in this place.
 B = Non-inter-level travel time spent in this place.
 C = Inter-level travel time spent in this place.
 D = Time resting spent in this place.
 E = Time spent auto-exploring this place.
 F = Levels seen in this place.
 G = Mean time per level.
                   A        B        C        D        E       F      G
               +--------+--------+--------+--------+--------+-----+--------+
         Total |    115 |    115 |      0 |      0 |     96 |   1 |  115.0 |
       Dungeon |    115 |    115 |      0 |      0 |     96 |   1 |  115.0 |
               +--------+--------+--------+--------+--------+-----+--------+

Top non-repeatable levels by time:
     D:1: 115 daAuts
